General information
- name: BNet
- type: Ladder 1vs1/FFA
- host: Battle.net
- saver: TIMG4STRok
map: TurtleRock
- players: 2
- length: 26:14
- speed: Fast
- version: 1.21 W3XP
- replay type:

» download(116 KB)
Players
team 1 (winner)

»
TIMG4STRok (
orange | 131 APM | 3430 actions | 26:14)
5 Demon Hunter
3 Mana Burn
2 Evasion
5 Pandaren Brewmaster
3 Breath of Fire
2 Drunken Haze
» actions
| Assign group hotkey | 32 | |
| Basic commands | 167 | |
| Build / train | 82 | |
| Enter build submenu | 20 | |
| Enter hero's abilities submenu | 10 | |
| Give item / drop item | 13 | |
| Right click | 1501 | |
| Select / deselect | 444 | |
| Select group hotkey | 1012 | |
| Use ability | 149 | |
3430 total
» units
| Wisp | 23 | |
| Archer | 6 | |
| Dryad | 10 | |
| Druid of the Claw | 5 | |
| Mountain Giant | 1 | |
45 total
» upgrades
| Abolish Magic | 1 | |
| Druid of the Claw Training | 2 | |
| Well Spring | 1 | |
| Ultravision | 1 | |
| Strength of the Wild | 2 | |
| Reinforced Hides | 1 | |
| Hardened Skin | 1 | |
9 total
» buildings
| Altar of Elders | 1 | |
| Moon Well | 8 | |
| Ancient of War | 1 | |
| Tree of Ages | 1 | |
| Hunter's Hall | 1 | |
| Ancient of Wonders | 2 | |
| Ancient of Lore | 3 | |
| Ancient Protector | 1 | |
| Tree of Eternity | 2 | |
| Tree of Life | 3 | |
23 total
» build order
00:05 Altar of Elders
00:22 Moon Well
01:02 Ancient of War
01:37 Moon Well
03:32 Tree of Ages
03:33 Moon Well
03:47 Hunter's Hall
05:07 Moon Well
05:10 Ancient of Wonders
05:18 Ancient of Wonders
06:14 Ancient of Lore
06:16 Ancient of Lore
07:03 Ancient Protector
07:27 Tree of Eternity
07:27 Tree of Eternity
08:53 Moon Well
12:06 Tree of Life
12:10 Tree of Life
12:53 Moon Well
18:16 Moon Well
18:51 Ancient of Lore
19:13 Moon Well
22:58 Tree of Life
» items
| Staff of Preservation | 2 | |
| Potion of Healing | 4 | |
| Orb of Venom | 2 | |
| Boots of Speed | 1 | |
| Scroll of Town Portal | 2 | |
| Potion of Lesser Invulnerability | 1 | |
12 total
team 2 (loser)
Detrimental. (
teal | 163 APM | 4285 actions | 26:13)
6 Death Knight
3 Death Coil
3 Unholy Aura
3 Lich
2 Frost Nova
1 Dark Ritual
» actions
| Assign group hotkey | 39 | |
| Basic commands | 147 | |
| Build / train | 70 | |
| ESC pressed | 3 | |
| Enter build submenu | 22 | |
| Enter hero's abilities submenu | 9 | |
| Give item / drop item | 1 | |
| Remove unit from queue | 1 | |
| Right click | 1825 | |
| Select / deselect | 609 | |
| Select group hotkey | 1433 | |
| Use ability | 125 | |
4285 total
» units
| Acolyte | 9 | |
| Ghoul | 2 | |
| Crypt Fiend | 9 | |
| Obsidian Statue | 5 | |
| Abomination | 3 | |
| Meatwagon | 2 | |
| Gargoyle | 1 | |
| Frost Wyrm | 4 | |
35 total
» upgrades
| Creature Attack | 2 | |
| Burrow | 1 | |
| Disease Cloud | 1 | |
| Destroyer Form | 1 | |
5 total
» buildings
| Graveyard | 1 | |
| Crypt | 2 | |
| Altar of Darkness | 1 | |
| Ziggurat | 10 | |
| Tomb of Relics | 1 | |
| Nerubian Tower | 1 | |
| Halls of the Dead | 1 | |
| Slaughterhouse | 2 | |
| Black Citadel | 2 | |
| Sacrificial Pit | 1 | |
| Boneyard | 1 | |
| Spirit Tower | 3 | |
26 total
» build order
00:05 Graveyard
00:10 Crypt
00:42 Altar of Darkness
00:58 Ziggurat
01:38 Tomb of Relics
02:04 Ziggurat
02:13 Nerubian Tower
03:34 Halls of the Dead
04:11 Ziggurat
05:58 Slaughterhouse
08:49 Black Citadel
08:49 Black Citadel
09:42 Ziggurat
10:01 Slaughterhouse
11:11 Ziggurat
12:18 Ziggurat
13:42 Sacrificial Pit
20:12 Ziggurat
21:51 Boneyard
21:58 Crypt
22:11 Ziggurat
22:12 Ziggurat
22:14 Ziggurat
23:05 Spirit Tower
23:09 Spirit Tower
23:10 Spirit Tower
» items
| Rod of Necromancy | 1 | |
| Potion of Lesser Invulnerability | 1 | |
| Potion of Invisibility | 1 | |
| Orb of Corruption | 1 | |
| Potion of Mana | 1 | |
5 total
Chat log
(26:08 / All) Detrimental.: night elf is such a joke
(26:10 / All) TIMG4STRok: klmao